 Dungeon Crawl Stone Soup version 0.28.0 (webtiles) character file.

Game seed: 10556662671685042284

14 dziebel133 the Sneak (level 2, 0/13 HPs)
             Began as a Spriggan Enchanter on Feb 14, 2022.
             Slain by a quokka (1 damage)
             ... on level 1 of the Dungeon.
             The game lasted 00:04:42 (833 turns).

dziebel133 the Sneak (Spriggan Enchanter)            Turns: 833, Time: 00:04:43

Health: 0/13       AC:  2    Str:  4    XL:     2   Next: 27%
Magic:  6/6        EV: 17    Int: 16    God:
Gold:   24         SH:  0    Dex: 15    Spells: 4/6 levels left

rFire   . . .      SeeInvis +   a - +1 dagger
rCold   . . .      Faith    .   (no shield)
rNeg    . . .      Spirit   .   b - +0 robe
rPois   .          Reflect  .   (helmet restricted)
rElec   .          Harm     .   (no cloak)
rCorr   .          Rampage  .   (gloves unavailable)
Will    .....                   (boots unavailable)
Stlth   +++.......              (no amulet)
HPRegen 0.04/turn               (no ring)
MPRegen 0.10/turn               (no ring)

@: very quick
A: very small, no large weapons, unfitting armour, see invisible, speed 3
a: no special abilities


You were on level 1 of the Dungeon.
You visited 1 branch of the dungeon, and saw 1 of its levels.

You collected 24 gold pieces.

Inventory:

Hand Weapons
 a - a +1 dagger (weapon)
Armour
 b - a +0 robe (worn)
Potions
 c - a potion of invisibility
 d - a potion of might {unknown}


   Skills:
 - Level 1.2 Short Blades
 - Level 2.9 Dodging
 - Level 4.8 Stealth
 - Level 2.7 Spellcasting
 * Level 4.0 Hexes


You had 4 spell levels left.
You knew the following spells:

 Your Spells              Type           Power      Damage    Failure   Level
a - Ensorcelled Hibernat  Hex/Ice        16%        N/A       13%         2

Your spell library contained the following spells:

 Spells                   Type           Power      Damage    Failure   Level
 Confusing Touch          Hex            15%        N/A       11%         3
 Tukima's Dance           Hex            15%        N/A       11%         3
 Dazzling Flash           Conj/Hex       16%        N/A       26%         3


Dungeon Overview and Level Annotations

Branches:
Dungeon (1/15)

Altars:


Innate Abilities, Weirdness & Mutations

You are very small and have problems with some larger weapons.
You are too small for most types of armour.
You have supernaturally acute eyesight. (SInv)
You cover ground extremely quickly. (Speed+++)


Message History

Things that are here:
a +0 dagger; a kobold skeleton A frilled lizard comes into view.
The frilled lizard hisses angrily.
You hit the frilled lizard.
You kill the frilled lizard!
A quokka comes into view.
The quokka closely misses you. The quokka bites you.
The quokka closely misses you. The quokka closely misses you.
The quokka barely misses you. The quokka misses you.
The quokka barely misses you. The quokka misses you. The quokka misses you.
The quokka barely misses you. The quokka closely misses you.
The quokka closely misses you. The quokka barely misses you.
The quokka closely misses you. The quokka bites you. The quokka misses you.
The quokka misses you. The quokka misses you.
The quokka twitches its whiskers.
The quokka bites you. The quokka bites you. The quokka barely misses you.
The quokka closely misses you. The quokka misses you. The quokka misses you.
The quokka bites you.
* * * LOW HITPOINT WARNING * * *
The quokka closely misses you. The quokka completely misses you.
The quokka closely misses you. The quokka bites you.
* * * LOW HITPOINT WARNING * * *
The quokka barely misses you. The quokka completely misses you.
The quokka barely misses you. The quokka bites you.
You die...

#.....####...........
# #.#..## ##)......#
#.. #...# ##.....##
#.#####.# ##...##
#...#...# ##'##
#...### #.# ##...##
#.# ##.....######
##.##
#......@r...###...##
##.....####.##.....#
##...## ##...## ##.##
##.####### ##
#.####.##.....
#.........####
######.####
########.# #........#


You could see a quokka.

Vanquished Creatures
  3 bats (D:1)
  An endoplasm (D:1)
  A giant cockroach (D:1)
  2 goblins (D:1)
  2 ball pythons (D:1)
  2 frilled lizards (D:1)
  2 kobolds (D:1)
13 creatures vanquished.

Notes
Turn   | Place    | Note
-------+----------+-------------------------------------------
     0 | D:1      | dziebel133 the Spriggan Enchanter began the quest for the
                  | Orb.
     0 | D:1      | Reached XP level 1. HP: 9/9 MP: 5/5
   479 | D:1      | Reached XP level 2. HP: 13/13 MP: 6/6
   505 | D:1      | Learned a level 2 spell: Ensorcelled Hibernation
   833 | D:1      | Slain by a quokka

Illustrated notes

Levels and vault maps discovered:
D:1:      wheals_arrival_linesprint, layout_loops_corners, serial_glass,
          glass_columns_b, glass_columns_a

Skill      XL: |  1  2 |
---------------+-------+-----
Hexes          | 4 |  4.0
Short Blades   | |  1.2
Dodging        | |  2.9
Stealth        | |  4.8
Spellcasting   | |  2.7

Action                   || total
-------------------------++-------
Melee: Dagger            ||    41
       Punch             ||     1
 Cast: Ensorcelled Hiber ||     3
 Stab: Sleeping          ||     4
Armor: Robe              ||     6
Dodge: Dodged            ||    69
